 Dungeon Crawl Stone Soup version 0.28-a0-1613-gdaab1c2f9b (webtiles) character file.

Game seed: 543362541118090718

364 bande the Covered (level 6, -3/39 HPs)
             Began as a Gargoyle Fighter on Jan 22, 2022.
             Slain by a wyvern zombie (6 damage)
             ... on level 5 of the Dungeon.
             The game lasted 00:07:11 (5383 turns).

bande the Covered (Gargoyle Fighter)                Turns: 5383, Time: 00:07:11

Health: -3/39      AC: 14    Str: 20    XL:     6   Next: 67%
Magic:  6/6        EV:  7    Int:  8    God:
Gold:   142        SH:  4    Dex: 11    Spells: 5/5 levels left

rFire   . . .      SeeInvis .   a - +1 war axe
rCold   . . .      Faith    .   c - +0 buckler
rNeg    + . .      Spirit   .   i - +0 chain mail
rPois   ∞          Reflect  .   (no helmet)
rElec   +          Harm     .   (no cloak)
rCorr   .          Rampage  .   (no gloves)
Will    +....                   (no boots)
Stlth   ..........              (no amulet)
HPRegen 0.13/turn               b - ring of willpower
MPRegen 0.10/turn               (no ring)

@: no status effects
A: sickness immunity, AC +4, negative energy resistance 1, electricity
resistance, torment resistance 1, petrification resistance
a: no special abilities


You were on level 5 of the Dungeon.
You visited 1 branch of the dungeon, and saw 5 of its levels.

You collected 142 gold pieces.

Inventory:

Hand Weapons
 a - a +1 war axe (weapon)
 m - a +0 flail
Armour
 c - a +0 buckler (worn)
 i - a +0 chain mail (worn)
Jewellery
 b - a ring of willpower (left hand)
Scrolls
 j - a scroll of holy word {unknown}
 l - 2 scrolls of fog
Potions
 d - 2 potions of might
 e - a potion of brilliance
 f - a potion of heal wounds
 g - 2 potions of curing
 h - a potion of flight
 k - a potion of ambrosia {unknown}


   Skills:
 + Level 4.4 Fighting
 + Level 4.3 Axes
 + Level 4.9 Armour
 + Level 4.1 Shields


You had 5 spell levels left.
You didn't know any spells.
Your spell library contained the following spells:

 Spells                   Type           Power      Damage    Failure   Level
 Magic Dart               Conj           0%         1d3       99%         1
 Call Imp                 Summ           0%         N/A       100%        2
 Frozen Ramparts          Ice            0%         1d2       100%        3
 Mephitic Cloud           Conj/Pois/Air  0%         N/A       100%        3
 Ice Form                 Ice/Tmut       0%         N/A       100%        4
 Summon Ice Beast         Ice/Summ       0%         N/A       100%        4


Dungeon Overview and Level Annotations

Branches:
Dungeon (5/15)
 Temple: D:4-7

Altars:
Ashenzari
Fedhas
Vehumet
Zin

Shops:
D:3 :


Innate Abilities, Weirdness & Mutations

You are immune to sickness and miasma.
Your stone body is resilient. (AC +4)
You are immune to poison.
You resist negative energy. (rN+)
You are resistant to electric shocks. (rElec)
You are resistant to unholy torment.
You are immune to petrification.


Message History

The shadow imp hits something but does no damage.
You closely miss the hound.
The hound is almost dead.
The hound bites you but does no damage.
The wyvern zombie bites the bush!
The shadow imp hits something but does no damage.
The hound bites you but does no damage.
The wyvern zombie bites the bush.
The shadow imp hits something but does no damage.
You completely miss the hound.
The hound is almost dead.
The hound bites you but does no damage.
The wyvern zombie bites the bush.
The hound closely misses you.
The wyvern zombie bites the bush!
The shadow imp hits something but does no damage.
You barely miss the hound.
The hound is almost dead.
The hound bites you but does no damage.
The wyvern zombie bites the bush but does no damage.
The hound bites you.
The shadow imp hits something but does no damage.
The wyvern zombie bites the bush!
You slash the hound!
You kill the hound!
The shadow imp closely misses you.
You slash the shadow imp!
You kill the shadow imp!
The wyvern zombie bites you.
You slash the wyvern zombie!
The wyvern zombie is heavily damaged.
The wyvern zombie bites you but does no damage.
The wyvern zombie bites you!
* * * LOW HITPOINT WARNING * * *
You slash the wyvern zombie!
The wyvern zombie is severely damaged.
The wyvern zombie bites you.
* * * LOW HITPOINT WARNING * * *
The wyvern zombie bites you.
* * * LOW HITPOINT WARNING * * *
You hit the wyvern zombie.
The wyvern zombie is almost destroyed.
The wyvern zombie bites you.
You die...

#..# ##.# #.#
. #.# ..###
#.# .... #.# P
P.P###.##
P.P.P.#...###
P_PP#@.##..##
PP.Z#####..###
PP..## ###..##
.......
##..###
....###
###..## ...
##..### ..
###..## .
##... ### ###.


You could see a wyvern zombie.

Vanquished Creatures
  3 hounds (D:5)
  An orc priest (D:3)
  A bullfrog skeleton (D:4)
  An iguana (D:4)
  An orc wizard (D:3)
  3 gnolls (D:4)
  6 adders
  A shadow imp (D:5)
  4 worms
  2 dart slugs
  6 orcs
  9 ball pythons
  5 bats
  An endoplasm (D:4)
  4 giant cockroaches
  5 goblins
  7 hobgoblins
  3 jackals (D:4)
  8 kobolds
  2 quokkas
  A frilled lizard (D:3)
  6 rats
80 creatures vanquished.

Vanquished Creatures (others)
  3 fungi (D:3)
  3 plants (D:3)
6 creatures vanquished.

Grand Total: 86 creatures vanquished

Notes
Turn   | Place    | Note
-------+----------+-------------------------------------------
     0 | D:1      | bande the Gargoyle Fighter began the quest for the Orb.
     0 | D:1      | Reached XP level 1. HP: 14/14 MP: 1/1
   388 | D:1      | Reached XP level 2. HP: 18/19 MP: 2/2
  1367 | D:2      | Reached XP level 3. HP: 23/23 MP: 3/3
  1639 | D:2      | Found a faded altar of an unknown god.
  2512 | D:3      | Reached XP level 4. HP: 26/29 MP: 4/4
  2899 | D:3      | Found Hivuw's Book Boutique.
  3005 | D:3      | Found a radiant altar of Vehumet.
  3176 | D:3      | Reached XP level 5. HP: 33/33 MP: 5/5
  4237 | D:4      | Reached XP level 6. HP: 16/38 MP: 6/6
  4755 | D:5      | Entered Level 5 of the Dungeon
  5081 | D:5      | Found a broken altar of Ashenzari.
  5141 | D:5      | Found a glowing silver altar of Zin.
  5360 | D:5      | Found a blossoming altar of Fedhas.
  5383 | D:5      | Slain by a wyvern zombie

Illustrated notes

Levels and vault maps discovered:
D:1:      evilmike_arrival_crescent, layout_loops_ring
D:2:      layout_loops_ring, shapermc_ecumenical_altar_petra
D:3:      layout_loops_ring, mainiacjoe_overflow_boulevard, serial_shops,
          nicolae_shop_crystal, grunt_decor_arrowhead, lexackson_kobold_supper
D:4:      layout_basic
D:5:      layout_cave_pods, zin_statuary, kennysheep_mini_moat,
          mainiacjoe_overflow_two_lobes, fedhas_bush_and_centaur_altar,
          kennysheep_generic_room_10

Skill      XL: |  1  2  3  4  5  6 |
---------------+-------------------+-----
Axes           | 2 3 4 |  4.3
Armour         | 4 |  4.9
Fighting       | 4 |  4.4
Shields        | 4 |  4.1

Action                   |  1- 3 |  4- 6 || total
-------------------------+-------+-------++-------
Melee: War axe           |   109 |   180 ||   289
  Use: Scroll            |     1 |     6 ||     7
       Potion            |     1 |       ||     1
Armor: Scale mail        |    48 |       ||    48
       Chain mail        |    15 |   125 ||   140
Dodge: Dodged            |    67 |    74 ||   141
Block: Buckler           |    23 |    44 ||    67

Table legend: (Time is in decaauts)
 A = Elapsed time spent in this place.
 B = Non-inter-level travel time spent in this place.
 C = Inter-level travel time spent in this place.
 D = Time resting spent in this place.
 E = Time spent auto-exploring this place.
 F = Levels seen in this place.
 G = Mean time per level.
                   A        B        C        D        E       F      G
               +--------+--------+--------+--------+--------+-----+--------+
         Total |   5479 |   5450 |     29 |   1378 |   3187 |   5 | 1095.8 |
       Dungeon |   5479 |   5450 |     29 |   1378 |   3187 |   5 | 1095.8 |
               +--------+--------+--------+--------+--------+-----+--------+

Top non-repeatable levels by time:
     D:3: 1380 daAuts
     D:1: 1253 daAuts
     D:4: 1236 daAuts
     D:2: 964 daAuts
     D:5: 644 daAuts
